Map: Jagannatha LE

Players

PartinG

  • Race: Protoss Protoss
  • Spawn Location: 7:00

INnoVation - Winner!

  • Race: Terran Terran
  • Spawn Location: 1:00

Event: IEM Katowice 2021

VOD

Have the link to the VOD?

Description

Time

  • Played on: Feb. 26, 2021, 11:35 a.m.
  • Length: 8:43

All games in this series

Show
View Real Time Build Order
Export as new Build Order

PartinG Protoss 

Build Orders: 1 Gate Expand, Blink Stalkers 

Get SALT Encoding   

  12  0:00  Probe  
  13  0:12  Probe  
  14  0:18  Pylon  
  14  0:24  Probe  
  15  0:36  Probe  
  15  0:38  Gateway  
  16  0:48  Probe  
  17  1:08  Nexus  
  17  1:13  Assimilator  
  17  1:16  Probe  
  18  1:25  Cybernetics Core  
  18  1:31  Zealot (Chrono Boost)  
  20  1:36  Probe  
  21  1:43  Pylon  
  21  1:48  Probe  
  21  1:53  Assimilator  
  22  1:59  Adept (Chrono Boost)  
  22  2:00  Probe (Chrono Boost)  
  23  2:04  Warp Gate  
  25  2:12  Probe (Chrono Boost)  
  26  2:21  Probe (Chrono Boost)  
  26  2:22  Probe (Chrono Boost)  
  28  2:23  Stalker  
  31  2:30  Probe (Chrono Boost)  
  31  2:33  Probe (Chrono Boost)  
  31  2:38  Probe  
  31  2:44  Probe  
  31  2:51  Probe  
  32  2:59  Twilight Council  
  32  3:00  Probe  
  32  3:03  Probe  
  34  3:15  Robotics Facility  
  34  3:16  Probe  
  34  3:18  Probe  
  36  3:27  Blink (Chrono Boost)  
  34  3:38  Probe x2  
  36  3:42  Gateway  
  36  3:50  Gateway  
  36  3:51  Probe  
  36  3:53  Probe  
  38  3:59  Stalker  
  38  4:02  Observer  
  41  4:05  Probe x2  
  43  4:13  Pylon  
  43  4:16  Pylon  
  41  4:28  Observer  
  41  4:29  Stalker  
  43  4:37  Probe x2  
  44  4:47  Stalker x2  
  48  4:53  Stalker  
  48  4:55  Probe (Chrono Boost)  
  48  4:59  Assimilator, Probe (Chrono Boost)  
  52  5:06  Pylon, Probe (Chrono Boost)  
  53  5:09  Observer  
  53  5:10  Probe (Chrono Boost)  
  53  5:11  Assimilator, Probe (Chrono Boost)  
  56  5:16  Pylon  
  56  5:19  Probe  
  57  5:25  Probe  
  58  5:29  Observer  
  58  5:32  Probe (Chrono Boost)  
  58  5:33  Robotics Bay  
  59  5:37  Probe (Chrono Boost)  
  61  5:44  Probe (Chrono Boost)  
  61  5:48  Probe (Chrono Boost)  
  62  5:50  Probe (Chrono Boost)  
  62  5:53  Probe (Chrono Boost)  
  62  5:54  Observer  
  64  5:57  Observer  
  64  5:58  Probe  
  64  6:04  Nexus  
  66  6:07  Pylon  
  66  6:10  Observer  
  66  6:11  Probe x2  
  68  6:17  Colossus (Chrono Boost)  
  68  6:18  Charge  
  68  6:24  Extended Thermal Lance  
  74  6:26  Probe x2  
  74  6:32  Pylon  
  76  6:36  Gateway x2  
  76  6:39  Probe  
  77  6:40  Gateway  
  77  6:42  Probe  
  78  6:50  Pylon  
  78  6:51  Probe  
  78  6:52  Observer  
  79  6:54  Probe  
  79  6:55  Sentry x2  
  79  6:59  Colossus (Chrono Boost)  
  84  7:05  Probe  
  84  7:06  Probe  
  92  7:11  Shield Battery  
  92  7:13  Shield Battery  
  92  7:17  Pylon  
  92  7:19  Stalker, Sentry  
  96  7:27  Shield Battery  
  96  7:28  Shield Battery  
  96  7:32  Stalker x2  
  96  7:33  Stalker  
  102  7:39  Gateway  
  102  7:43  Probe  
  102  7:44  Probe x2  
  105  7:50  Stalker x3  
  111  7:52  Warp Prism (Chrono Boost)  
  113  8:05  Zealot x3  
  119  8:10  Pylon  
  91  8:20  Zealot x3  
  89  8:29  Zealot  
  89  8:30  Zealot x2  
  92  8:35  Stalker  
Show
View Real Time Build Order
Export as new Build Order

INnoVation Terran - Winner!

Build Orders: 1/1/1 

Get SALT Encoding   

  12  0:00  SCV  
  13  0:12  SCV  
  14  0:17  Supply Depot  
  14  0:24  SCV  
  15  0:38  SCV  
  15  0:40  Barracks  
  16  0:43  Refinery  
  16  0:50  SCV  
  16  0:53  Refinery  
  17  1:02  SCV  
  18  1:07  Supply Depot  
  18  1:14  SCV  
  19  1:27  Reaper  
  19  1:28  Orbital Command  
  20  1:43  Factory  
  20  1:53  SCV  
  21  1:59  Marine  
  22  2:05  SCV  
  23  2:17  Marine  
  23  2:18  SCV  
  25  2:27  Widow Mine  
  25  2:28  Starport  
  27  2:32  SCV, Supply Depot  
  27  2:34  Marine  
  29  2:49  Widow Mine  
  31  2:54  SCV  
  31  2:58  Command Center  
  33  3:01  Barracks Reactor  
  32  3:06  Medivac  
  32  3:09  SCV  
  35  3:13  Widow Mine  
  35  3:18  Supply Depot  
  37  3:21  SCV  
  37  3:34  SCV  
  37  3:35  Factory Tech Lab  
  37  3:38  Barracks  
  37  3:39  Starport Tech Lab, Marine  
  39  3:41  Marine  
  39  3:48  Supply Depot  
  40  3:50  SCV  
  41  3:57  Raven  
  41  3:58  Marine  
  41  3:59  Marine  
  41  4:02  SCV  
  46  4:11  Orbital Command  
  46  4:16  Marine  
  46  4:17  Marine  
  48  4:28  Siege Tank  
  48  4:31  SCV, Orbital Command  
  50  4:42  Marine  
  50  4:43  Barracks, Marine  
  50  4:44  SCV  
  53  4:51  Bunker  
  53  4:54  Stimpack  
  53  4:55  Bunker  
  53  4:57  SCV  
  53  4:58  SCV  
  53  4:59  Marine  
  56  5:00  Marine  
  56  5:04  Siege Tank  
  60  5:10  SCV x2  
  60  5:14  Supply Depot  
  62  5:16  Marine  
  62  5:17  Marine  
  60  5:21  Marine  
  60  5:22  SCV x2  
  60  5:26  Engineering Bay  
  61  5:28  Starport Reactor  
  61  5:30  Refinery  
  61  5:34  SCV  
  62  5:41  Marine x2, Supply Depot  
  64  5:43  SCV  
  64  5:44  Refinery  
  64  5:45  Combat Shield  
  64  5:46  SCV  
  66  5:50  Factory Reactor  
  66  5:55  SCV  
  66  5:56  Terran Infantry Weapons Level 1  
  67  5:59  SCV, Marine x2  
  67  6:03  Supply Depot  
  70  6:06  Marine x2  
  70  6:07  SCV  
  70  6:11  SCV  
  74  6:13  Supply Depot  
  74  6:16  Medivac  
  74  6:17  Medivac  
  74  6:18  Marine x2  
  78  6:20  SCV  
  78  6:23  SCV  
  78  6:24  Marauder  
  86  6:25  Marauder  
  86  6:28  Widow Mine  
  86  6:30  Widow Mine  
  90  6:33  Supply Depot  
  90  6:34  Concussive Shells  
  90  6:37  Supply Depot  
  90  6:39  SCV x2  
  92  6:42  Marine x2  
  92  6:46  Medivac  
  96  6:50  Medivac  
  98  6:54  Widow Mine  
  98  6:55  Widow Mine  
  98  6:56  Supply Depot  
  98  7:00  Marauder x2  
  98  7:01  Marine x2  
  108  7:14  Supply Depot  
  108  7:20  Command Center  
  108  7:21  Marauder  
  108  7:22  Marauder  
  112  7:23  Marine x2  
  112  7:27  Medivac x2  
  118  7:31  Widow Mine  
  118  7:32  Widow Mine  
  118  7:36  Supply Depot  
  121  7:53  Marine x2  
  121  7:54  Marauder x2  
  121  7:57  SCV x2  
  129  8:05  Barracks  
  129  8:08  Barracks  
  126  8:13  Marine x2  
  126  8:15  Marauder x2  
  126  8:19  SCV x2  

Tags
 
Add a new tag
Caveats
  • Supply blocks, unpowered buildings, or Contaminate may cause inaccurate times.
  • Supply counts are checked every 10 seconds.